 Dungeon Sprint DCSS version 0.27.0-66-gdc8fb28755 (webtiles) character file.

Game seed: 9601228012188555087

33330 ABBCCCDDDD the Warrior (level 13, -1/208 HPs)
             Began as a Minotaur Berserker on Aug 19, 2021.
             Was the Champion of Trog.
             Slain by a mummy priest (16 damage)
             ... in the Dungeon (Sprint III: "The Ten Rune Challenge").
             The game lasted 00:11:04 (5473 turns).

ABBCCCDDDD the Warrior (Minotaur Berserker)         Turns: 5473, Time: 00:11:05

Health: -1/208     AC: 17    Str: 27    XL:     13   Next: 36%
Magic:  4/4        EV: 16    Int:  4    God:    Trog [******]
Gold:   1144       SH: 14    Dex: 10    Spells: 12/12 levels left

rFire    + + .     SeeInvis .   q - +2 broad axe (antimagic)
rCold    x . .     Faith    .   b - +0 kite shield {reflect}
rNeg     . . .     Spirit   .   o - +0 fire dragon scales
rPois    .         Reflect  +   (helmet restricted)
rElec    .         Harm     .   (no cloak)
rCorr    .         Rampage  .   (no gloves)
Will     ++...     NoTele   +   (no boots)
Stlth    ..........             (no amulet)
HPRegen  1.44/turn              (no ring)
MPRegen  0.09/turn              (no ring)

@: berserking, strong-willed, unable to read, regenerating, hasted, very quick
A: horns 2, retaliatory headbutt, iridescent scales 1, inability to read while
threatened
a: Renounce Religion, Berserk, Trog's Hand, Brothers in Arms


You were in the Dungeon.
You worshipped Trog.
Trog was exalted by your worship.
You visited 1 branch You collected 1144 gold pieces.

Inventory:

Hand Weapons
 a - a +4 broad axe
 q - a +2 antimagic broad axe (weapon)
 s - a +2 war axe of flaming
Missiles
 p - 4 silver javelins (quivered)
Armour
 b - a +0 kite shield of reflection (worn)
 o - +0 fire dragon scales (worn)
 r - a +0 plate armour
Wands
 i - a wand of paralysis (6)
 n - a wand of iceblast (16)
Scrolls
 j - 2 scrolls of immolation {unknown}
 k - 2 scrolls of identify {unknown}
Potions
 c - a potion of curing
 d - 2 potions of heal wounds
 f - 2 potions of magic
 g - a potion of berserk rage
 l - 3 potions of flight
 m - 2 potions of might


   Skills:
 + Level 19.8 Fighting
 - Level 18.0 Axes
 + Level 19.6 Armour
 + Level 18.3 Dodging
 - Level 15.0 Shields


You had 12 spell levels left.
You didn't know any spells.
Your spell library was empty.

Dungeon Overview and Level Annotations

Branches:
Dungeon (1/1)

Altars:
Cheibriados
Dithmenos
Fedhas
Gozag
Hepliaklqana
Kikubaaqudgha
Makhleb
Nemelex Xobeh
Okawaru
Qazlal
Ru
Sif Muna
Trog
Uskayaw
Vehumet
Wu Jian
Xom
Yredelemnul
Beogh
Jiyva
Lugonu

Shops:
D :


Innate Abilities, Weirdness & Mutations

You have a pair of horns on your head.
You reflexively headbutt those who attack you in melee.
You are partially covered in iridescent scales. (AC +2)
You sometimes lose the ability to read scrolls when taking damage.


Message History

The mummy priest calls on the powers of darkness!
Your body is wracked with pain!
You feel threatened and lose the ability to read scrolls!
* * * LOW HITPOINT WARNING * * *
A bolt hits the mummy priest!
You cannot read scrolls in your current state!
You don't know any spells.
You feel yourself speed up.
A poisoned dart hits the red devil, but does no damage!
The mummy priest utters an invocation to its god.
A red film seems to cover your vision as you go berserk!
You feel yourself moving faster!
You feel mighty! You block the red devil's attack.
You barely miss the orange demon. You headbutt the orange demon!
The orange demon is lightly wounded.
The mummy priest calls on the powers of darkness!
Your body is wracked with pain!
* * * LOW HITPOINT WARNING * * *
The orange demon stings you but does no damage.
The orange demon completely misses you.
A bolt hits the soul eater, but does no damage!
You slice the orange demon!!
The orange demon is heavily wounded.
You block the red devil's attack.
The mummy priest calls down the wrath of its god upon you.
Something smites you!
* * * LOW HITPOINT WARNING * * *
You open the orange demon like a pillowcase!!!
You feel the power of Trog in you as your rage grows.
You kill the orange demon!
The mummy priest calls on the powers of darkness!
Your body is wracked with pain!
* * * LOW HITPOINT WARNING * * *
You are too berserk!
The red devil hops backward while attacking.
You block the red devil's attack.
A poisoned dart hits the mummy priest!
You slash the mummy priest! Your headbutt misses the mummy priest.
The mummy priest is moderately damaged.
You barely miss the mummy priest. The mummy priest hits you!
You die...

#################.#
#.....'....#..#≈≈.#
#)######..)#.^#≈≈^#
#)).'..##.)#^)'...#
#.).#C.^##.'..#≈≈.#
#####.^.^###..#≈≈.#
#.........)#..#≈≈.#
▓'▓▓▓▓▓▓▓▓▓▓▓▓▓▓▓▓▓
▓..#^....^.^..@M4.#
▓).#^....^....^M3.#
▓.÷#..##########^.#
▓..#^^# ^.# ▓..#..#
.# ▓..#^.# .#
▓..#.^# # ▓..#..#
▓..#..#


You could see 2 mummy priests, a soul eater (summoned) and a red devil
(summoned).

Levels and vault maps discovered:
D:        dungeon_sprint_mu [sprint_mu_entry_forest, sprint_mu_temple_rooms,
          sprint_mu_d1_spiders, sprint_mu_d2_genie, sprint_mu_d3_branching,
          sprint_mu_orc_legion, sprint_mu_elf_gauntlet, sprint_mu_hive_nellie,
          sprint_mu_lair_fedhas, sprint_mu_vaults_butterflies,
          sprint_mu_slime_circle, sprint_mu_shoals_archi,
          sprint_mu_snake_twists, sprint_mu_blade_basic,
          sprint_mu_crypt_fortress, sprint_mu_tomb_spiral,
          sprint_mu_vestibule_basic, sprint_mu_gehenna_hellfire,
          sprint_mu_dis_giant, sprint_mu_tartarus_statrot,
          sprint_mu_cocytus_islands, sprint_mu_zot1]

Notes
Turn   | Place    | Note
-------+----------+-------------------------------------------
     0 | D        | ABBCCCDDDD the Minotaur Berserker began the quest for the
                  | Orb.
     0 | D        | Reached XP level 1. HP: 19/19 MP: 0/0
    22 | D        | Noticed Jessica
    23 | D        | Reached ** piety under Trog
    27 | D        | Killed Jessica
    28 | D        | Reached skill level 5 in Fighting
    28 | D        | Reached skill level 5 in Axes
    28 | D        | Reached XP level 2. HP: 20/29 MP: 1/1
    28 | D        | Reached XP level 3. HP: 26/36 MP: 2/2
   226 | D        | Noticed a scorpion
   230 | D        | Killed a scorpion
   230 | D        | Reached *** piety under Trog
   231 | D        | Reached skill level 5 in Armour
   231 | D        | Reached skill level 5 in Dodging
   231 | D        | Reached XP level 4. HP: 45/45 MP: 3/3
   274 | D        | Gained mutation: You are agile. (Dex +2) [potion of
                  | mutation]
   275 | D        | Lost mutation: You are agile. (Dex +2) [potion of mutation]
   275 | D        | Gained mutation: You are clumsy. (Dex -2) [potion of
                  | mutation]
   275 | D        | Gained mutation: You sometimes lose the ability to read
                  | scrolls when taking damage. [potion of mutation]
   276 | D        | Lost mutation: You are clumsy. (Dex -2) [potion of
                  | mutation]
   276 | D        | Lost mutation: You sometimes lose the ability to read
                  | scrolls when taking damage. [potion of mutation]
   276 | D        | Gained mutation: You are frail. (-10% HP) [potion of
                  | mutation]
   277 | D        | Lost mutation: You are frail. (-10% HP) [potion of
                  | mutation]
   277 | D        | Gained mutation: You sometimes lose the ability to read
                  | scrolls when taking damage. [potion of mutation]
   277 | D        | Gained mutation: You are partially covered in iridescent
                  | scales. (AC +2) [potion of mutation]
   309 | D        | Noticed a water elemental
   313 | D        | Killed a water elemental
   314 | D        | Reached XP level 5. HP: 52/52 MP: 4/4
   375 | D        | Found a hide-covered altar of Uskayaw.
   375 | D        | Found an iron altar of Okawaru.
   375 | D        | Found a bloodstained altar of Trog.
   375 | D        | Found an ornate altar of the Wu Jian Council.
   375 | D        | Noticed a human
   376 | D        | Noticed a human
   380 | D        | Killed a human
   381 | D        | Reached XP level 6. HP: 54/62 MP: 5/5
   390 | D        | Killed a human
   662 | D        | Found a basalt altar of Yredelemnul.
   662 | D        | Found a shadowy altar of Dithmenos.
   662 | D        | Found a sacrificial altar of Ru.
   666 | D        | Reached **** piety under Trog
   671 | D        | Reached XP level 7. HP: 71/71 MP: 6/6
   792 | D        | Found a radiant altar of Vehumet.
   792 | D        | Found a shimmering blue altar of Sif Muna.
   792 | D        | Found an ancient bone altar of Kikubaaqudgha.
   797 | D        | Noticed a ynoxinul
   798 | D        | Reached ***** piety under Trog
   799 | D        | Reached skill level 10 in Fighting
   799 | D        | Reached skill level 10 in Axes
   857 | D        | Noticed a shadow
   860 | D        | Killed a shadow
   861 | D        | Reached skill level 10 in Armour
   920 | D        | Found a blossoming altar of Fedhas.
   920 | D        | Found a stormy altar of Qazlal.
   920 | D        | Noticed a spatial vortex
   921 | D        | Found a snail-covered altar of Cheibriados.
   921 | D        | Found a burning altar of Makhleb.
   921 | D        | Found a hazy altar of Hepliaklqana.
   921 | D        | Found a shimmering altar of Xom.
   921 | D        | Found an opulent altar of Gozag.
   921 | D        | Found a sparkling altar of Nemelex Xobeh.
   921 | D        | Found a corrupted altar of Lugonu.
   921 | D        | Found a viscous altar of Jiyva.
   927 | D        | Killed a spatial vortex
   989 | D        | Received a gift from Trog
   990 | D        | Reached XP level 8. HP: 82/82 MP: 7/7
   992 | D        | Reached skill level 10 in Dodging
  1243 | D        | Noticed a two-headed ogre
  1251 | D        | Killed a two-headed ogre
  1345 | D        | Noticed a two-headed ogre
  1345 | D        | Noticed Erolcha
  1352 | D        | Killed Erolcha
  1353 | D        | Reached XP level 9. HP: 78/91 MP: 8/8
  1359 | D        | Killed a two-headed ogre
  1712 | D        | Received a gift from Trog
  1865 | D        | Noticed a wandering mushroom
  1869 | D        | Noticed a wandering mushroom
  1872 | D        | Noticed a wandering mushroom
  1983 | D        | Noticed a cane toad
  1983 | D        | Noticed a komodo dragon
  1983 | D        | Noticed a cane toad
  1989 | D        | Killed a cane toad
  1991 | D        | Killed a cane toad
  1992 | D        | Killed a komodo dragon
  1993 | D        | Reached XP level 10. HP: 100/103 MP: 9/9
  2187 | D        | Reached ****** piety under Trog
  2398 | D        | Received a gift from Trog
  2705 | D        | Noticed a lindwurm
  2711 | D        | Killed a lindwurm
  2794 | D        | Noticed Urug
  2800 | D        | Killed Urug
  2801 | D        | Reached skill level 15 in Fighting
  2801 | D        | Reached skill level 15 in Axes
  2942 | D        | Noticed a four-headed hydra
  2942 | D        | Noticed a six-headed hydra
  3032 | D        | Received a gift from Trog
  3048 | D        | Noticed an orc knight
  3054 | D        | Killed an orc knight
  3055 | D        | Reached skill level 15 in Armour
  3130 | D        | Noticed an orc high priest
  3131 | D        | Found Ighoffij's Book Boutique.
  3137 | D        | Killed an orc high priest
  3137 | D        | Received a gift from Trog
  3211 | D        | Killed a four-headed hydra
  3246 | D        | Noticed a deep elf pyromancer
  3246 | D        | Noticed a deep elf pyromancer
  3246 | D        | Noticed a deep elf zephyrmancer
  3246 | D        | Noticed a deep elf pyromancer
  3246 | D        | Noticed a deep elf zephyrmancer
  3271 | D        | Killed a six-headed hydra
  3279 | D        | Killed a deep elf pyromancer
  3280 | D        | Reached XP level 11. HP: 96/114 MP: 10/10
  3386 | D        | Received a gift from Trog
  3403 | D        | Received a gift from Trog
  3415 | D        | Received a gift from Trog
  3429 | D        | Received a gift from Trog
  3511 | D        | Killed a deep elf zephyrmancer
  3511 | D        | Received a gift from Trog
  3512 | D        | Reached skill level 15 in Dodging
  3565 | D        | Killed a deep elf pyromancer
  3682 | D        | Killed a deep elf pyromancer
  3684 | D        | Killed a deep elf zephyrmancer
  3684 | D        | Received a gift from Trog
  3762 | D        | Noticed Donald
  3762 | D        | Noticed Frances
  3768 | D        | Noticed a sun demon
  3773 | D        | Killed Donald
  3778 | D        | Killed Frances
  3861 | D        | Reached skill level 1 in Shields
  3938 | D        | Noticed an obsidian statue
  3950 | D        | Received a gift from Trog
  3965 | D        | Reached XP level 12. HP: 118/126 MP: 11/11
  4174 | D        | Reached skill level 5 in Shields
  4266 | D        | Received a gift from Trog
  4369 | D        | Noticed a centaur warrior
  4373 | D        | Killed a centaur warrior
  4410 | D        | Noticed a fire dragon
  4417 | D        | Killed a fire dragon
  4470 | D        | Noticed a yaktaur captain
  4488 | D        | Killed a yaktaur captain
  4589 | D        | Received a gift from Trog
  4595 | D        | Reached skill level 10 in Shields
  4630 | D        | Identified the +3 broad axe of Mazib {chaos, MP+9}
  4973 | D        | Received a gift from Trog
  5051 | D        | Noticed a lich
  5063 | D        | Killed a lich
  5063 | D        | Received a gift from Trog
  5064 | D        | Reached XP level 13. HP: 137/137 MP: 4/12
  5104 | D        | Noticed a sphinx
  5104 | D        | Noticed a sphinx
  5113 | D        | Killed a sphinx
  5117 | D        | Killed a sphinx
  5117 | D        | Received a gift from Trog
  5164 | D        | Noticed a mummy priest
  5173 | D        | Killed a mummy priest
  5376 | D        | Noticed a mummy priest
  5413 | D        | Killed a mummy priest
  5414 | D        | Reached skill level 15 in Shields
  5462 | D        | Noticed a mummy priest
  5464 | D        | Noticed a mummy priest
  5473 | D        | Slain by a mummy priest

Table legend: (Time is in decaauts)
 A = Elapsed time spent in this place.
 B = Non-inter-level travel time spent in this place.
 C = Inter-level travel time spent in this place.
 D = Time resting spent in this place.
 E = Time spent auto-exploring this place.
 F = Levels seen in this place.
 G = Mean time per level.
                   A        B        C        D        E       F      G
               +--------+--------+--------+--------+--------+-----+--------+
         Total |   5766 |   5641 |    125 |   4414 |     15 |   1 | 5766.0 |
       Dungeon |   5766 |   5641 |    125 |   4414 |     15 |   1 | 5766.0 |
               +--------+--------+--------+--------+--------+-----+--------+

Top non-repeatable levels by time:
       D: 5766 daAuts

Table legend:
 A = Kills in this place as a percentage of kills in entire the game.
 B = Kills by you in this place as a percentage of kills by you in the entire game.
 C = Kills by friends in this place as a percentage of kills by friends in the entire game.
 D = Other kills in this place as a percentage of other kills in the entire game.
 E = Experience gained in this place as a percentage of experience gained in the entire game.
 F = Experience gained in this place divided by the number of levels of this place that you have seen.
                   A       B       C       D       E      F
               +-------+-------+-------+-------+-------+----------------------
         Total | 100.0 | 100.0 | 100.0 |   N/A | 100.0 | 47615.0
       Dungeon | 100.0 | 100.0 | 100.0 |   N/A | 100.0 | 47615.0
               +-------+-------+-------+-------+-------+----------------------

Action                   |  1- 3 |  4- 6 |  7- 9 | 10-12 | 13-15 || total
-------------------------+-------+-------+-------+-------+-------++-------
Melee: Hand axe          |    15 |    23 |    21 |       |       ||    59
       Headbutt          |     1 |     3 |    19 |    60 |    10 ||    93
       Broad axe         |       |       |    37 |   296 |    26 ||   359
Invok: Berserk           |     3 |     3 |    11 |    21 |     4 ||    42
       Trog's Hand       |       |       |     1 |     4 |     4 ||     9
       Brothers in Arms  |       |       |       |       |     1 ||     1
  Use: Potion            |       |     4 |       |       |     1 ||     5
       Scroll            |       |       |       |       |     1 ||     1
 Stab: Distracted        |       |       |       |     1 |       ||     1
Armor: Leather armour    |     4 |     1 |     1 |     1 |       ||     7
       Ring mail         |       |       |       |     4 |       ||     4
       Plate armour      |       |       |       |    56 |       ||    56
       Fire dragon scale |       |       |       |     7 |     7 ||    14
Dodge: Dodged            |     1 |     5 |    31 |    89 |     6 ||   132
Block: Kite shield       |       |       |       |    52 |    12 ||    64
       Reflection        |       |       |       |     4 |       ||     4

Vanquished Creatures
  A lich (D)
  Frances (D)
  2 sphinxes (D)
  Donald (D)
  A mummy priest (D)
  A yaktaur captain (D)
  A fire dragon (D)
  Erolcha (D)
  A centaur warrior (D)
  4 dancing weapons (D)
  Urug (D)
  3 orc high priests (D)
  4 hell knights (D)
  An iron golem (D)
  A skeletal warrior (D)
  A lindwurm (D)
  2 deep elf zephyrmancers (D)
  A lindwurm (shapeshifter) (D)
  3 deep elf pyromancers (D)
  An orc knight (D)
  4 ugly things (D)
  2 cane toads (D)
  A rime drake (D)
  A komodo dragon (D)
  3 guardian mummies (D)
  4 spriggan defenders (D)
  2 tyrant leeches (D)
  A queen bee (D)
  2 slime creatures (D)
  3 wandering mushrooms (D)
  A shadow (D)
  5 redbacks (D)
  A spatial vortex (D)
  A swamp drake (D)
  2 orc warriors (D)
  A necrophage (D)
  5 two-headed ogres (D)
  A water elemental (D)
  A scorpion (D)
  32 killer bees (D)
  A jelly (D)
  3 orc priests (D)
  A wizard (D)
  Jessica (D)
  2 necromancers (D)
  An orc wizard (D)
  3 humans (D)
  A kobold demonologist (D)
  11 orcs (D)
  An endoplasm (D)
  3 rats (D)
  A bush (D)
134 creatures vanquished.

Vanquished Creatures (collateral kills)
  A mummy priest (D)
  A guardian mummy (D)
2 creatures vanquished.

Vanquished Creatures (others)
  2 hydras (D)
  An electric eel (D)
  11 plants (D)
14 creatures vanquished.

Grand Total: 150 creatures vanquished
